 Dungeon Crawl Stone Soup version 0.28-a0-932-g843f935a50 (webtiles) character file.

Game seed: 6265170509725487972

4566 Hipnos the Thaumaturge (level 10, -14/54 HPs)
             Began as a Deep Elf Ice Elementalist on Nov 27, 2021.
             Was a Follower of Vehumet.
             Demolished by a two-headed ogre (22 damage)
             ... on level 9 of the Dungeon.
             The game lasted 00:28:43 (10360 turns).

Hipnos the Thaumaturge (Deep Elf Ice Elementalist) Turns: 10360, Time: 00:28:44

Health: -14/54     AC: 17    Str:  7    XL:     10   Next: 18%
Magic:  14/26      EV: 14    Int: 36    God:    Vehumet [*.....]
Gold:   425        SH:  5    Dex: 17    Spells: 18/30 levels left

rFire   . . .      SeeInvis .   u - +2 war axe of the Hierophant {freeze, rC+}
rCold   + . .      Faith    .   (no shield)
rNeg    . . .      Spirit   .   a - +0 robe
rPois   .          Reflect  +   (no helmet)
rElec   .          Harm     .   (no cloak)
rCorr   .          Rampage  .   f - +1 pair of gloves
Will    +....                   m - +0 pair of boots
Stlth   ++........              q - amulet of reflection
HPRegen 0.18/turn               y - +6 ring of intelligence
MPRegen 0.20/turn               C - +6 ring of intelligence

@: ice-armoured, freezing walls, unable to read
A: agile 1, strong 1, wild magic 1, inability to read while threatened
a: Renounce Religion


You were on level 9 of the Dungeon.
You worshipped Vehumet.
Vehumet was aware of your devotion.
You visited 2 branches of the dungeon, and saw 10 of its levels.

You collected 425 gold pieces.

Inventory:

Hand Weapons
 g - a +0 short sword
 j - a +2 dagger of venom
 u - the +2 war axe of the Hierophant (weapon) {freeze, rC+}
   (You found it on level 4 of the Dungeon)

   It freezes those it strikes, dealing additional cold damage.
   It can also slow down cold-blooded creatures.
   rC:        It protects you from cold.
Missiles
 D - 3 throwing nets
Armour
 a - a +0 robe (worn)
 f - a +1 pair of gloves (worn)
 m - a +0 pair of boots (worn)
Jewellery
 h - a ring of positive energy
 n - a ring of resist corrosion
 q - an amulet of reflection (around neck)
 y - a +6 ring of intelligence (left hand)
 C - a +6 ring of intelligence (right hand)
Wands
 l - a wand of iceblast (10)
 p - a wand of flame (34)
 A - a wand of charming (7)
Scrolls
 c - 2 scrolls of amnesia
 d - a scroll of vulnerability {unknown}
 k - a scroll of acquirement {unknown}
 v - a scroll of teleportation
 w - a scroll of blinking
 x - a scroll of enchant weapon
 z - a scroll of magic mapping
Potions
 b - a potion of lignification {unknown}
 e - a potion of berserk rage
 i - a potion of degeneration
 o - a potion of mutation
 r - a potion of curing
 s - 2 potions of cancellation {unknown}


   Skills:
 + Level 2.5 Fighting
 + Level 3.9 Axes
 + Level 4.8 Dodging
 - Level 2.4 Stealth
 + Level 10.9 Spellcasting
 * Level 6.6 Conjurations
 + Level 10.2 Ice Magic


You had 18 spell levels left.
You knew the following spells:

 Your Spells              Type           Power      Damage    Failure   Level
a - Freeze                Ice            100%       1d11      1%          1
b - Frozen Ramparts       Ice            100%       1d12      1%          3
c - Ozocubu's Armour      Ice            89%        N/A       1%          3
d - Hailstorm             Conj/Ice       81%        3d16      1%          4
e - Magic Dart            Conj           100%       1d8       1%          1

Your spell library contained the following spells:

 Spells                   Type           Power      Damage    Failure   Level
 Passage of Golubria      Tloc           25%        N/A       30%         4
 Silence                  Hex/Air        12%        N/A       61%         5
 Lehudib's Crystal Spear  Conj/Erth      27%        10d7      100%        8


Dungeon Overview and Level Annotations

Branches:
Dungeon (9/15)             Temple (1/1) D:6            Lair (0/6) D:8
    Orc: D:9-12

Altars:
Dithmenos
Elyvilon
Fedhas
Gozag
Hepliaklqana
Kikubaaqudgha
Makhleb
Nemelex Xobeh
Okawaru
Qazlal
Ru
Sif Muna
Trog
Uskayaw
Vehumet
Wu Jian
Xom
Yredelemnul
Zin
The Shining One


Innate Abilities, Weirdness & Mutations

You are agile. (Dex +2)
Your muscles are strong. (Str +2)
Your spells are a little harder to cast, but a little more powerful.
You sometimes lose the ability to read scrolls when taking damage.


Message History

Casting: Magic Dart (safe; 1% risk of failure)
Confirm with . or Enter, or press ? or * to list all spells.
Aiming: Magic Dart (safe; 1% risk of failure)
Press: ? - help, Shift-Dir - straight line, f/p - two-headed ogre
Aim: a two-headed ogre, wielding two +0 giant clubs (lightly wounded, 100% to hit)
The magic dart hits the two-headed ogre but does no damage.
The two-headed ogre is lightly wounded.
Casting: Magic Dart (safe; 1% risk of failure)
Confirm with . or Enter, or press ? or * to list all spells.
Aiming: Freeze (safe; 1% risk of failure)
Press: ? - help, Shift-Dir - straight line, f/p - two-headed ogre
Aim: a two-headed ogre, wielding two +0 giant clubs (lightly wounded)
You freeze the two-headed ogre.
The two-headed ogre is moderately wounded.
The wall freezes the two-headed ogre!
The two-headed ogre hits you with a +0 giant club!!
The two-headed ogre hits you with a +0 giant club.
Casting: Freeze (safe; 1% risk of failure)
Confirm with . or Enter, or press ? or * to list all spells.
Aiming: Freeze (safe; 1% risk of failure)
Press: ? - help, Shift-Dir - straight line, f/p - two-headed ogre
Aim: a two-headed ogre, wielding two +0 giant clubs (heavily wounded)
You freeze the two-headed ogre!
The two-headed ogre is heavily wounded.
The wall freezes the two-headed ogre.
The two-headed ogre barely misses you.
The two-headed ogre hits you with a +0 giant club!!
You feel threatened and lose the ability to read scrolls!
* * * LOW HITPOINT WARNING * * *
You cannot read scrolls in your current state!
Okay, then.
Casting: Freeze (safe; 1% risk of failure)
Confirm with . or Enter, or press ? or * to list all spells.
Aiming: Freeze (safe; 1% risk of failure)
Press: ? - help, Shift-Dir - straight line, f/p - two-headed ogre
Aim: a two-headed ogre, wielding two +0 giant clubs (severely wounded)
You freeze the two-headed ogre!
The two-headed ogre is almost dead.
The wall freezes the two-headed ogre.
The two-headed ogre barely misses you.
The two-headed ogre hits you with a +0 giant club!!
You die...

#.......# ###.##
#.......# #.>.>#
#.......# #....#
#.......######....#
#.......)))..#....#
#.......####......#
##'###### ###....#
#.### ###.## #@O.#
#..# ###'# ##.#
.... .# ....... .#
hh......#
.........#
....!.....#
#..!..)....#


You could see a two-headed ogre.

Vanquished Creatures
  Harold (D:7)
  A troll (D:9)
  Prince Ribbit (D:7)
  A vampire (D:9)
  6 yaks (D:8)
  2 wargs (D:8)
  3 water moccasins
  3 orc warriors (D:8)
  2 necrophages
  A sky beast (D:6)
  2 centaurs
  2 kobold brigands
  A scorpion (D:5)
  A wyvern zombie (D:6)
  2 howler monkeys
  3 centaur zombies
  4 hounds
  A centaur skeleton (D:7)
  7 orc priests
  A bullfrog skeleton (D:5)
  5 orc wizards
  An iguana (D:5)
  A hound zombie (D:5)
  11 adders
  3 gnolls (D:5)
  A howler monkey skeleton (D:5)
  A shadow imp (D:6)
  A white imp (D:5)
  An adder skeleton (D:4)
  3 worms
  3 dart slugs
  16 orcs
  4 endoplasms
  3 giant cockroaches
  4 goblins
  11 hobgoblins
  4 jackals (D:1)
  8 quokkas
  4 ball pythons
  7 bats
  3 frilled lizards
  14 kobolds
  5 rats
159 creatures vanquished.

Vanquished Creatures (others)
  An orc (D:3)
1 creature vanquished.

Grand Total: 160 creatures vanquished

Notes
Turn   | Place    | Note
-------+----------+-------------------------------------------
     0 | D:1      | Hipnos the Deep Elf Ice Elementalist began the quest for
                  | the Orb.
     0 | D:1      | Reached XP level 1. HP: 10/10 MP: 6/6
   162 | D:1      | Reached XP level 2. HP: 11/15 MP: 4/8
   273 | D:1      | Reached skill level 5 in Ice Magic
  1189 | D:2      | Reached XP level 3. HP: 16/19 MP: 7/10
  1193 | D:2      | Learned a level 3 spell: Frozen Ramparts
  1197 | D:2      | Learned a level 3 spell: Ozocubu's Armour
  1618 | D:2      | Reached XP level 4. HP: 11/24 MP: 6/12
  1864 | D:2      | Found a sparkling altar of Nemelex Xobeh.
  2321 | D:3      | Learned a level 4 spell: Hailstorm
  2470 | D:3      | Found an ancient bone altar of Kikubaaqudgha.
  2624 | D:3      | Reached XP level 5. HP: 28/28 MP: 9/13
  3289 | D:3      | Noticed a necrophage
  3315 | D:3      | Gained mutation: You are agile. (Dex +2) [potion of
                  | mutation]
  3315 | D:3      | Gained mutation: Your spells are a little harder to cast,
                  | but a little more powerful. [potion of mutation]
  3315 | D:3      | Gained mutation: You sometimes lose the ability to read
                  | scrolls when taking damage. [potion of mutation]
  3315 | D:3      | Gained mutation: Your muscles are strong. (Str +2) [potion
                  | of mutation]
  3325 | D:3      | Killed a necrophage
  3326 | D:3      | Reached skill level 5 in Spellcasting
  3768 | D:4      | Reached XP level 6. HP: 33/33 MP: 8/15
  3927 | D:4      | Noticed a water moccasin
  3938 | D:4      | Killed a water moccasin
  3939 | D:4      | Reached skill level 1 in Conjurations
  3939 | D:4      | Identified the +2 war axe of the Hierophant {freeze, rC+}
  4367 | D:5      | Entered Level 5 of the Dungeon
  4542 | D:5      | Reached XP level 7. HP: 34/37 MP: 11/18
  5190 | D:5      | Reached skill level 1 in Axes
  5907 | D:5      | Reached skill level 1 in Fighting
  6128 | D:6      | Reached XP level 8. HP: 33/43 MP: 17/20
  6395 | D:6      | Found a white marble altar of Elyvilon.
  6463 | D:6      | Found an iron altar of Okawaru.
  6978 | D:6      | Found a staircase to the Ecumenical Temple.
  6984 | Temple   | Entered the Ecumenical Temple
  7079 | Temple   | Became a worshipper of Vehumet
  8037 | D:7      | Noticed Prince Ribbit
  8044 | D:7      | Killed Prince Ribbit
  8268 | D:7      | Noticed Harold
  8277 | D:7      | Killed Harold
  8278 | D:7      | Reached skill level 5 in Conjurations
  8278 | D:7      | Reached XP level 9. HP: 21/48 MP: 6/24
  8664 | D:7      | Found a basalt altar of Yredelemnul.
  8664 | D:7      | Found a blossoming altar of Fedhas.
  8813 | D:8      | Reached skill level 10 in Spellcasting
  8820 | D:8      | Reached * piety under Vehumet
  8820 | D:8      | Offered knowledge of Magic Dart by Vehumet.
  9189 | D:8      | Learned a level 1 spell: Magic Dart
  9199 | D:8      | Found a staircase to the Lair.
  9484 | D:8      | Reached XP level 10. HP: 42/54 MP: 21/26
 10085 | D:9      | Reached skill level 10 in Ice Magic
 10352 | D:9      | Noticed a two-headed ogre
 10360 | D:9      | Demolished by a two-headed ogre

Illustrated notes

Levels and vault maps discovered:
D:1:      ncdulo_halloftheorcs, layout_basic
D:2:      layout_loops_ring, basic_altar
D:3:      minmay_recursive_quarters, layout_loops_corners,
          nicolae_kikubaaqudgha_miasma_corner, minmay_misc_feat_columns
D:4:      layout_gridville
D:5:      layout_loops_corners
D:6:      layout_layer_cave, nicolae_overflow_squiral, minmay_temple_entry_grid,
          solitary_fountain
D:7:      layout_loops_corners, ashenzari_conservatory_becter,
          gammafunk_temple_overflow_elements, uniq_duvessa, uniq_harold,
          uniq_crazy_yiuf_cottage, uniq_prince_ribbit1
D:8:      cheibrodos_iron_armory, layout_loops_ring, erik_lair_orcish_takeover
D:9:      layout_roguey, minmay_misc_feat_square
Temple:   regret_index_temple_waves

Skill      XL: |  1  2  3  4  5  6  7  8  9 10 |
---------------+-------------------------------+-----
Ice Magic      | 5 6 7 8 9 10 | 10.2
Dodging        | 3 4 |  4.8
Spellcasting   | 4 5 6 7 9 10 | 10.9
Conjurations   | 1 3 5 6 |  6.6
Axes           | 2 3 |  3.9
Fighting       | 1 2 |  2.5
Stealth        | |  2.4

Action                   |  1- 3 |  4- 6 |  7- 9 | 10-12 || total
-------------------------+-------+-------+-------+-------++-------
Melee: Unarmed           |     3 |       |       |       ||     3
       Short sword       |     9 |     1 |       |       ||    10
       Dagger            |       |    55 |       |       ||    55
       War axe           |       |    20 |    79 |     4 ||   103
 Cast: Freeze            |    27 |    10 |     5 |     3 ||    45
       Frozen Ramparts   |     5 |    19 |    36 |     6 ||    66
       Ozocubu's Armour  |     2 |    11 |    27 |     5 ||    45
       Hailstorm         |       |       |    15 |     5 ||    20
       Magic Dart        |       |       |     7 |    19 ||    26
  Use: Scroll            |     2 |       |     7 |       ||     9
       Potion            |       |     1 |     9 |       ||    10
 Stab: Sleeping          |     1 |     5 |       |       ||     6
Armor: Robe              |     6 |    23 |    46 |     8 ||    83
Dodge: Dodged            |    20 |    54 |   101 |    10 ||   185
Block: Other             |       |       |     6 |     6 ||    12
       Reflection        |       |       |     2 |       ||     2

Table legend: (Time is in decaauts)
 A = Elapsed time spent in this place.
 B = Non-inter-level travel time spent in this place.
 C = Inter-level travel time spent in this place.
 D = Time resting spent in this place.
 E = Time spent auto-exploring this place.
 F = Levels seen in this place.
 G = Mean time per level.
                   A        B        C        D        E       F      G
               +--------+--------+--------+--------+--------+-----+--------+
         Total |  10386 |  10185 |    201 |   2681 |   6087 |  10 | 1038.6 |
       Dungeon |  10271 |  10070 |    201 |   2681 |   6014 |   9 | 1141.2 |
        Temple |    114 |    114 |      0 |      0 |     73 |   1 |  114.0 |
               +--------+--------+--------+--------+--------+-----+--------+

Top non-repeatable levels by time:
     D:6: 1752 daAuts
     D:5: 1721 daAuts
     D:3: 1357 daAuts
     D:2: 1235 daAuts
     D:8: 1234 daAuts
     D:1: 1078 daAuts
     D:7: 848 daAuts
     D:4: 700 daAuts
     D:9: 343 daAuts
  Temple: 114 daAuts
